 Dungeon Sprint DCSS version 0.22.1-2-g9c5b331383 (webtiles) character file.

276290 Groucho the Imperceptible (level 12, 66/66 HPs)
             Began as a Felid Berserker on Nov 13, 2018.
             Was a High Priest of Trog.
             Escaped with the Orb!
             The game lasted 00:14:56 (3430 turns).

Groucho the Imperceptible (Felid Berserker)         Turns: 3430, Time: 00:14:56

Health: 66/66      AC:  3    Str: 13    XL:     12   Next: 61%
Magic:  13/13      EV: 35    Int: 10    God:    Trog [*****.]
Gold:   2195       SH:  0    Dex: 19    Spells: 11/11 levels left
                                        Lives:  2   Deaths: 0

rFire    + . .     SeeInvis +     - Unarmed
rCold    + . .     Gourm    .   (shield unavailable)
rNeg     . . .     Faith    .   (armour unavailable)
rPois    .         Spirit   .   (helmet unavailable)
rElec    .         Reflect  .   (cloak unavailable)
rCorr    .         Harm     .   (gloves unavailable)
MR       +....     Rnd*Rage +   (boots unavailable) Stlth +++.......NoTele +
                                (no amulet)
HPRegen  0.21/turn              n - ring of protection from fire
MPRegen  0.13/turn              (no ring)

@: flying, quick
A: very small, no armour, no weapons or thrown items, stealth, claws 1, fangs 3,
see invisible, berserk 1, carnivore, speed 1, screaming 1, shaggy fur 3, slow
metabolism 1, sharp paws
0: Orb of Zot
a: Berserk, Trog's Hand, Brothers in Arms, Renounce Religion


You escaped.
You worshipped Trog.
Trog was extremely pleased with you.
You were completely stuffed.

You visited 1 branch You collected 2866 gold pieces.
You spent 671 gold pieces at shops.

Inventory:

Jewellery
 n - a ring of protection from fire (left paw)
 p - an uncursed ring of resist corrosion {unknown}
Wands
 i - a wand of iceblast (8)
 j - a wand of digging (40)
 q - a wand of flame (21)
Scrolls
 c - a scroll of fog {unknown}
 k - 2 scrolls of remove curse {unknown}
Potions
 b - 2 potions of curing
 e - 3 potions of magic
 f - 2 potions of berserk rage
 h - a potion of brilliance
 l - a potion of agility {unknown}
 m - a potion of resistance {unknown}
 o - a potion of lignification
Comestibles
 a - 2 rations


   Skills:
 + Level 15.4 Fighting
 + Level 19.2 Dodging
 + Level 24.4 Stealth
 + Level 15.4 Unarmed Combat


You had 11 spell levels left.
You didn't know any spells.
Your spell library was empty.

Dungeon Overview and Level Annotations

Branches:
Dungeon (1/1)

Altars:
Cheibriados
Dithmenos
Elyvilon
Fedhas
Gozag
Hepliaklqana
Kikubaaqudgha
Makhleb
Nemelex Xobeh
Okawaru
Qazlal
Ru
Sif Muna
Trog
Uskayaw
Vehumet
Wu Jian
Xom
Yredelemnul
Zin
The Shining One
Jiyva
Lugonu

Shops:
D %?[*[*}[(!(*}[(%!%%[(%

Annotations:
D Tiamat


Innate Abilities, Weirdness & Mutations

You cannot wear armour.
You are incapable of wielding weapons or throwing items.
Your paws allow you to move quietly. (Stealth)
You have sharp claws.
You have razor-sharp teeth.
You have supernaturally acute eyesight. (SInv)
You are carnivorous and can eat meat at any time.
You cover ground quickly.
Your thick and shaggy fur keeps you warm. (AC +3, rC+)
You have a slow metabolism.
Your sharp claws are effective at attacking unaware monsters.
You tend to lose your temper in combat.
You occasionally shout uncontrollably at your foes.


Message History

Things that are here:
a robe; a dagger
There is an open door, spattered with blood here.
There is an open door here.
You avoid triggering an arrow trap.
There is an arrow trap here.
There is an open door here.
There is an open door here.
Your extra speed is starting to run out.
Things that are here:
a robe; a scythe
There is an open door here.
You see here a giant club.
There is an open door here.
Things that are here:
a leather armour; a dagger
There is an open door here.
You feel yourself slow down.
There is a staircase leading out of the dungeon here.
You have escaped!

##################
#@.#.['..#.['..#__
#..'..#.)'..#..'^.
#..#####'#####'#__
#..####..#...#(###
#..#__####..##.#≈§
#..#_____##'#_.§§§
#⌠⌠#_.∩...'..._#≈≈
####_..__##_.#'##+
*,,#_____###'#.#).


There were no monsters in sight!

Vanquished Creatures
  A golden dragon (D)
  A shadow dragon (D)
  A daeva (D)
  2 fire giants (D)
  A hydra (D)
  2 centaur warriors (D)
  7 unseen horrors (D)
  A deep troll (D)
  A lindwurm (D)
  An oklob plant (D)
  2 shining eyes (D)
  2 kobold demonologists (D)
  2 demonic crawlers (D)
  A hornet (D)
  A slime creature (D)
  2 redbacks (D)
  Sigmund (D)
  A yak (D)
  4 hogs (D)
  2 floating eyes (D)
  7 necrophages (D)
  An ogre (D)
  8 jellies (D)
  Ijyb (D)
  A ballistomycete (D)
54 creatures vanquished.

Vanquished Creatures (collateral kills)
  2 fire giants (D)
  Sonja (D)
  6 shining eyes (D)
  2 demonic crawlers (D)
  9 hogs (D)
  5 floating eyes (D)
25 creatures vanquished.

Vanquished Creatures (others)
  4 hornets (D)
  2 ballistomycete spores (D)
6 creatures vanquished.

Grand Total: 85 creatures vanquished

Notes
Turn   | Place    | Note
-------+----------+-------------------------------------------
     0 | D        | Groucho the Felid Berserker began the quest for the Orb.
     0 | D        | Reached XP level 1. HP: 10/10 MP: 2/2
     2 | D        | Noticed Ijyb
     7 | D        | Killed Ijyb
     7 | D        | Reached skill level 8 in Stealth
     7 | D        | Reached XP level 2. HP: 14/14 MP: 3/3
    55 | D        | Noticed an ogre
    57 | D        | Killed an ogre
    57 | D        | Reached skill level 12 in Stealth
    57 | D        | Reached XP level 3. HP: 17/17 MP: 4/4
    57 | D        | Reached XP level 4. HP: 21/21 MP: 5/5
    76 | D        | Noticed Sigmund
    78 | D        | Killed Sigmund
    78 | D        | Reached ** piety under Trog
    78 | D        | Reached skill level 16 in Stealth
    78 | D        | Reached XP level 5. HP: 24/24 MP: 6/6
    95 | D        | Found a deep blue altar of Sif Muna.
    96 | D        | Found an ornate altar of the Wu Jian Council.
    97 | D        | Found a radiant altar of Vehumet.
   101 | D        | Gained mutation: You are covered in thick fur. (AC +2)
                  | [Felid growth]
   101 | D        | Reached XP level 6. HP: 28/28 MP: 7/7
   134 | D        | Found Muil's General Store.
   134 | D        | Found an ancient bone altar of Kikubaaqudgha.
   134 | D        | Found a hazy altar of Hepliaklqana.
   134 | D        | Found a stormy altar of Qazlal.
   134 | D        | Found a hide-covered altar of Uskayaw.
   134 | D        | Found a blossoming altar of Fedhas.
   134 | D        | Found a bloodstained altar of Trog.
   134 | D        | Found an iron altar of Okawaru.
   134 | D        | Found a basalt altar of Yredelemnul.
   134 | D        | Found a glowing golden altar of the Shining One.
   134 | D        | Found a snail-covered altar of Cheibriados.
   134 | D        | Found a sacrificial altar of Ru.
   134 | D        | Found a glowing silver altar of Zin.
   134 | D        | Found a shadowy altar of Dithmenos.
   134 | D        | Found a white marble altar of Elyvilon.
   134 | D        | Noticed a yak
   135 | D        | Found an opulent altar of Gozag.
   136 | D        | Killed a yak
   137 | D        | Found a sparkling altar of Nemelex Xobeh.
   156 | D        | Noticed a centaur warrior
   156 | D        | Noticed a centaur warrior
   157 | D        | Killed a centaur warrior
   157 | D        | Reached *** piety under Trog
   157 | D        | Reached skill level 18 in Stealth
   157 | D        | Reached XP level 7. HP: 36/36 MP: 8/8
   157 | D        | Reached XP level 8. HP: 40/40 MP: 9/9
   158 | D        | Killed a centaur warrior
   158 | D        | Reached skill level 10 in Dodging
   173 | D        | Noticed a hornet
   176 | D        | Killed a hornet
   187 | D        | Noticed an oklob plant
   568 | D        | Killed an oklob plant
   568 | D        | Reached skill level 19 in Stealth
   568 | D        | Reached XP level 9. HP: 45/45 MP: 10/10
   915 | D        | Reached **** piety under Trog
   947 | D        | Noticed an unseen horror
   947 | D        | Noticed an unseen horror
   953 | D        | Killed an unseen horror
   953 | D        | Reached skill level 10 in Fighting
   953 | D        | Reached skill level 10 in Unarmed Combat
   955 | D        | Killed an unseen horror
   955 | D        | Reached ***** piety under Trog
   955 | D        | Reached skill level 20 in Stealth
   971 | D        | Reached XP level 10. HP: 51/51 MP: 11/11
  1181 | D        | Reached ****** piety under Trog
  1221 | D        | Found Upuricogy's Armour Shoppe.
  1221 | D        | Found Hinaesh's Gadget Shop.
  1221 | D        | Found Qoej's Weapon Boutique.
  1223 | D        | Found Hyodij's Distillery.
  1223 | D        | Found Deyrej's Weapon Shop.
  1223 | D        | Found Yhetuf's Assorted Antiques.
  1223 | D        | Found Saebbur's Gadget Boutique.
  1223 | D        | Found Padov's Antique Armour Emporium.
  1223 | D        | Found Vausm's Weapon Shop.
  1223 | D        | Found Iceu's Food Shoppe.
  1227 | D        | Found Wemuiqur's Distillery.
  1228 | D        | Found Yckaseg's Food Emporium.
  1228 | D        | Found Beock's Food Boutique.
  1229 | D        | Found Ulabee's Weapon Emporium.
  1251 | D        | Bought a wand of digging (21) for 500 gold pieces
  1291 | D        | Noticed a deep troll
  1293 | D        | Killed a deep troll
  1299 | D        | Noticed Sonja
  1304 | D        | Killed Sonja
  1335 | D        | Found Oleytet's Armour Emporium.
  1357 | D        | Found Umemob's Food Boutique.
  1440 | D        | Found a burning altar of Makhleb.
  1440 | D        | Found a viscous altar of Jiyva.
  1440 | D        | Found a shimmering altar of Xom.
  1440 | D        | Found a corrupted altar of Lugonu.
  1466 | D        | Reached skill level 21 in Stealth
  1792 | D        | Reached skill level 15 in Dodging
  1972 | D        | Noticed a lindwurm
  1974 | D        | Killed a lindwurm
  1988 | D        | Reached XP level 11. HP: 56/56 MP: 12/12
  2086 | D        | Noticed a 12-headed hydra
  2088 | D        | Killed a 12-headed hydra
  2184 | D        | Bought an inky potion for 24 gold pieces
  2184 | D        | Bought a glowing yellow potion for 24 gold pieces
  2238 | D        | Noticed a shining eye
  2238 | D        | Noticed a shining eye
  2238 | D        | Noticed a shining eye
  2238 | D        | Noticed a shining eye
  2238 | D        | Noticed a shining eye
  2238 | D        | Noticed a shining eye
  2240 | D        | Killed a shining eye
  2240 | D        | Reached skill level 22 in Stealth
  2240 | D        | Killed a shining eye
  2241 | D        | Noticed a shining eye
  2241 | D        | Killed a shining eye
  2241 | D        | Gained mutation: You occasionally shout uncontrollably at
                  | your foes. [a shining eye]
  2242 | D        | Noticed a shining eye
  2243 | D        | Killed a shining eye
  2247 | D        | Killed a shining eye
  2249 | D        | Killed a shining eye
  2249 | D        | Killed a shining eye
  2250 | D        | Gained mutation: You tend to lose your temper in combat. [a
                  | shining eye]
  2252 | D        | Killed a shining eye
  2255 | D        | Found Cazelown's Magic Scroll Shoppe.
  2255 | D        | Found Tuhymmen's Armour Shop.
  2255 | D        | Found Lisizau's Antique Armour Emporium.
  2255 | D        | Found Qiwnyuho's Assorted Antiques.
  2270 | D        | Bought a large jade ring for 105 gold pieces
  2270 | D        | Bought a bubbling blue potion for 18 gold pieces
  2474 | D        | Noticed a shadow dragon
  2474 | D        | Noticed a golden dragon
  2479 | D        | Killed a shadow dragon
  2481 | D        | Killed a golden dragon
  2481 | D        | Reached skill level 23 in Stealth
  2481 | D        | Gained mutation: Your thick and shaggy fur keeps you warm.
                  | (AC +3, rC+) [Felid growth]
  2481 | D        | Reached XP level 12. HP: 63/63 MP: 13/13
  2548 | D        | Found Cinemuipn's Food Shoppe.
  2633 | D        | Noticed a daeva
  2787 | D        | Killed a daeva
  2901 | D        | Noticed a fire giant
  2929 | D        | Noticed a fire giant
  2930 | D        | Killed a fire giant
  2930 | D        | Reached skill level 15 in Fighting
  2930 | D        | Reached skill level 24 in Stealth
  2930 | D        | Reached skill level 15 in Unarmed Combat
  2950 | D        | Killed a fire giant
  2953 | D        | Noticed a fire giant
  2956 | D        | Killed a fire giant
  3107 | D        | Noticed a fire giant
  3126 | D        | Killed a fire giant
  3359 | D        | Noticed Tiamat
  3361 | D        | Got the Orb of Zot
  3430 | D        | Escaped with the Orb!

Skill      XL: |  1  2  3  4  5  6  7  8  9 10 11 12 |
---------------+-------------------------------------+-----
Stealth        | 8 12 16 18 19 20 21 23 24 | 24.4
Fighting       | 7 9 10 12 14 15 | 15.4
Dodging        | 9 11 13 15 17 19 | 19.2
Unarmed Combat | 7 9 10 12 14 15 | 15.4

Action                   |  1- 3 |  4- 6 |  7- 9 | 10-12 || total
-------------------------+-------+-------+-------+-------++-------
Melee: Unarmed           |     4 |     4 |    21 |   106 ||   135
       Bite              |     1 |       |     1 |    15 ||    17
       Punch             |       |       |       |     7 ||     7
Invok: Berserk           |     1 |       |     2 |     8 ||    11
       Trog's Hand       |       |       |     1 |     9 ||    10
       Brothers in Arms  |       |       |       |    15 ||    15
Evoke: Wand              |       |       |       |     5 ||     5
  Use: Scroll            |       |     1 |       |     2 ||     3
       Potion            |       |       |       |     6 ||     6
 Stab: Sleeping          |     2 |     4 |    10 |    11 ||    27
  Eat: Chunk             |     2 |     5 |       |    22 ||    29
       Ration            |       |       |       |     1 ||     1
Armor: Skin              |       |       |       |     5 ||     5
Dodge: Dodged            |     2 |       |    10 |   105 ||   117
